 Dungeon Crawl Stone Soup version 0.19.1 (webtiles) character file.

3586 Dfrag the Reanimator (level 9, -6/78 (79) HPs)
             Began as a Deep Dwarf Necromancer on Nov 25, 2016.
             Was a Priest of Makhleb.
             Killed from afar by Erica (22 damage)
             ... with an orb of energy
             ... on level 8 of the Dungeon.
             The game lasted 00:19:37 (7905 turns).

Dfrag the Reanimator (Deep Dwarf Necromancer)       Turns: 7905, Time: 00:19:38

HP:   -6/78 (79)    AC:  3    Str: 12    XL:     9   Next: 85%
MP:   10/21         EV: 12    Int: 22    God:    Makhleb [***...]
Gold: 416           SH:  4    Dex: 13    Spells: 3 memorised, 16 levels left

rFire  . . .     SeeInvis .     l - +1 mace (protect)
rCold  . . .     Gourm    .     a - +0 robe
rNeg   . . .     Faith    .     (no shield)
rPois  .         Spirit   .     z - +0 helmet
rElec  .         Reflect  +     (no cloak)
rCorr  .         Harm     .     (no gloves)
MR     +....                    (no boots)
Stlth  +++.......               K - +4 amulet of reflection
                                I - +1 ring of slaying
                                N - +3 ring of intelligence

@: lethally poisoned (-6 -> -6), non-regenerating
A: damage resistance, recharge devices, sense surroundings 2, slow regeneration
3
a: Device Recharging, Minor Destruction, Lesser Servant of Makhleb, Renounce
Religion


You were on level 8 of the Dungeon.
You worshipped Makhleb.
Makhleb was most pleased with you.
You were not hungry.

You visited 1 branch of the dungeon, and saw 8 of its levels.

You collected 416 gold pieces.

Inventory:

Hand Weapons
 h - a +0 spear
 l - a +1 mace of protection (weapon)
 v - a +1 dagger of flaming
 G - a +0 flail of protection
Armour
 a - a +0 robe (worn)
 z - a +0 helmet (worn)
Magical Staves
 y - an uncursed staff of cold
 E - an uncursed staff of summoning
Jewellery
 w - an uncursed ring of poison resistance
 I - a +1 ring of slaying (right hand)
 J - an uncursed ring of flight
 K - a +4 amulet of reflection (around neck)
 N - a +3 ring of intelligence (left hand)
Wands
 c - a wand of heal wounds (4/9)
 t - a wand of disintegration (3/24)
 O - a wand of digging (6/24)
 P - a wand of polymorph (8/24)
Scrolls
 f - 8 scrolls of identify {unknown}
 j - 4 scrolls of teleportation {unknown}
 k - 2 scrolls of magic mapping {unknown}
 n - 3 scrolls of enchant armour {unknown}
 p - 3 scrolls of fog {unknown}
 q - a scroll of amnesia {unknown}
 A - 2 scrolls of immolation {unknown}
 D - a scroll of recharging {unknown}
 H - a scroll of random uselessness {unknown}
 L - a scroll of enchant weapon {unknown}
Potions
 e - a potion of haste
 g - a potion of berserk rage {unknown}
 m - 3 potions of degeneration {unknown}
 r - a potion of might {unknown}
 u - 4 potions of curing {unknown}
 x - a potion of agility
 B - a potion of resistance {unknown}
 C - a potion of heal wounds
 F - a potion of magic {unknown}
 Q - a potion of ambrosia {unknown}
Books
 b - a book of Necromancy

   Spells                             Type                      Level
   a - Pain                           Necromancy                   1
   b - Animate Skeleton               Necromancy                   1
   c - Vampiric Draining              Necromancy                   3
   d - Regeneration                   Charms/Necromancy            3
   e - Animate Dead                   Necromancy                   4
   f - Control Undead                 Necromancy                   4
Comestibles
 d - 6 bread rations
 i - a fruit
 o - 6 beef jerkies
 s - a meat ration


   Skills:
 + Level 4.6 Fighting
 - Level 2.1 Dodging
 * Level 4.4 Stealth
 - Level 8.0 Spellcasting
 - Level 10.5 Necromancy


You had 16 spell levels left.
You knew the following spells:

 Your Spells              Type           Power        Failure   Level  Hunger
a - Pain                  Necr           ####         1%          1    None
b - Vampiric Draining     Necr           ######....   1%          3    None
c - Control Undead        Necr           ######....   1%          4    ###....


Dungeon Overview and Level Annotations

Branches:
Dungeon (8/15)             Temple (0/1) D:7
   Lair: D:8-11

Altars:
Cheibriados
Fedhas
Makhleb
Nemelex Xobeh
Okawaru
Ru
Sif Muna
Uskayaw
Yredelemnul

Annotations:
D:3 Grinder
D:5 sugabear's ghost, novice VSGl
D:8 Erica


Innate Abilities, Weirdness & Mutations

You are resistant to damage.
You can recharge devices by infusing magical energy.
You passively map the area around you.
You do not regenerate.


Message History

Casting: Vampiric Draining
Confirm with . or Enter, or press ? or * to list all spells.
Aiming: Vampiric Draining
Press: ? - help, Shift-Dir - straight line You feel life coursing into your body.
Something hits you! Something burns you.
You closely miss something.
You hear some strange, mumbled words.
An orb of energy appears from out of thin air!
The orb of energy hits you!
The orb of energy explodes!
Unknown command.
You miss something.
You hear some strange, mumbled words.
A bolt of poison appears from out of thin air!
The bolt of poison hits you!
You are poisoned.
* * * LOW HITPOINT WARNING * * *
You hear some strange, mumbled words.
An orb of energy appears from out of thin air!
The orb of energy hits you!
You die...

* , , .....#.#*..... .... * , ,*
......# ..... #...## ,*, .#
,###....#...... * ##....##,
#..##....#.#...... ####......#+
.##.............. ...........##
##......#.##>..#. ............##
##.......'........
.............###........###......
..:...$.......#.@#......###......
..............#.^#......##......#
.................#[.....##...##.#
.........................#.......
.........................#.....##
.........................#.......
.........................#.......
..........................##.....
.................................


There were no monsters in sight!

Vanquished Creatures
  Joseph (D:7)
  Prince Ribbit (D:7)
  A hippogriff (D:8)
  Eustachio (D:6)
  Edmund (D:6)
  2 orc warriors (D:6)
  An ice beast (D:7)
  2 ogres
  A necrophage (D:6)
  2 centaurs
  A big kobold (D:7)
  3 bullfrogs
  Blork the orc (D:4)
  A gnoll sergeant (D:7)
  2 scorpions
  A howler monkey (D:5)
  3 electric eels (D:6)
  4 hounds
  3 orc priests
  9 orc wizards
  A centaur skeleton (D:4)
  A bullfrog skeleton (D:8)
  Ijyb (D:2)
  5 iguanas
  5 worker ants
  Terence (D:3)
  2 hound zombies
  2 hound skeletons
  14 gnolls
  13 adders
  A shadow imp (D:6)
  2 oozes
  4 worms
  5 leopard geckos
  25 orcs
  A ball python (D:3)
  7 giant cockroaches
  43 goblins
  29 hobgoblins
  20 jackals
  2 quokkas
  4 bats
  4 frilled lizards
  A jackal skeleton (D:5)
  A jackal zombie (D:7)
  19 kobolds
  A quokka skeleton (D:7)
  6 rats
261 creatures vanquished.

Vanquished Creatures (others)
  A sky beast (D:5)
  An orc (D:4)
2 creatures vanquished.

Grand Total: 263 creatures vanquished

Notes
Turn   | Place    | Note
-------+----------+-------------------------------------------
     0 | D:1      | Dfrag the Deep Dwarf Necromancer began the quest for the Orb.
     0 | D:1      | Reached XP level 1. HP: 15/15 MP: 3/3
   175 | D:1      | Reached XP level 2. HP: 16/22 MP: 0/5
   558 | D:2      | Reached XP level 3. HP: 14/28 MP: 2/6
   565 | D:2      | Learned a level 3 spell: Vampiric Draining
   632 | D:2      | Found a basalt altar of Yredelemnul.
   640 | D:2      | Reached skill level 5 in Necromancy
  1018 | D:2      | Reached XP level 4. HP: 22/36 MP: 0/8
  1062 | D:2      | Noticed Ijyb
  1073 | D:2      | Killed Ijyb
  1572 | D:3      | Noticed Terence
  1591 | D:3      | Found a faded altar of an unknown god.
  1594 | D:3      | Killed Terence
  1594 | D:3      | Reached XP level 5. HP: 25/42 MP: 0/10
  1877 | D:3      | Noticed Grinder
  2257 | D:4      | Reached skill level 6 in Necromancy
  2290 | D:4      | Reached XP level 6. HP: 38/49 MP: 3/12
  2382 | D:4      | Found a snail-covered altar of Cheibriados.
  2614 | D:4      | Noticed Blork the orc
  2630 | D:4      | Killed Blork the orc
  2630 | D:4      | Reached skill level 5 in Spellcasting
  2638 | D:4      | Found a deep blue altar of Sif Muna.
  2746 | D:4      | Reached XP level 7. HP: 38/55 MP: 0/14
  3031 | D:4      | Found a sparkling altar of Nemelex Xobeh.
  3087 | D:5      | Entered Level 5 of the Dungeon
  3088 | D:5      | Found a deep blue altar of Sif Muna.
  3205 | D:5      | Found an iron altar of Okawaru.
  3206 | D:5      | Noticed sugabear's ghost (novice VSGl)
  3264 | D:5      | Found a burning altar of Makhleb.
  3268 | D:5      | Became a worshipper of Makhleb the Destroyer
  3282 | D:5      | Reached skill level 7 in Necromancy
  3819 | D:6      | Reached XP level 8. HP: 45/62 MP: 5/17
  3825 | D:6      | Learned a level 4 spell: Control Undead
  3846 | D:6      | Found a sacrificial altar of Ru.
  3846 | D:6      | Found a hide-covered altar of Uskayaw.
  4027 | D:6      | Noticed Edmund
  4037 | D:6      | Killed Edmund
  4204 | D:6      | Reached skill level 8 in Necromancy
  4245 | D:6      | Reached * piety under Makhleb
  4793 | D:6      | Reached ** piety under Makhleb
  5294 | D:6      | Noticed Eustachio
  5341 | D:6      | Killed Eustachio
  5951 | D:6      | Reached skill level 9 in Necromancy
  5981 | D:7      | Gained mutation: You passively map the area around you. [Deep Dwarf growth]
  5981 | D:7      | Reached XP level 9. HP: 59/67 MP: 12/21
  6030 | D:7      | Found a blossoming altar of Fedhas.
  6061 | D:6      | Reached skill level 1 in Fighting
  6171 | D:7      | Reached *** piety under Makhleb
  6527 | D:7      | Noticed Prince Ribbit
  6712 | D:7      | Found a staircase to the Ecumenical Temple.
  6722 | D:7      | Noticed Joseph
  6890 | D:7      | Killed Joseph
  6890 | D:7      | Reached skill level 10 in Necromancy
  6911 | D:7      | Killed Prince Ribbit
  7870 | D:8      | Noticed Erica
  7905 | D:8      | Killed from afar by Erica

Skill      XL: |  1  2  3  4  5  6  7  8  9 |
---------------+----------------------------+-----
Spellcasting   | 2 3 4 5 6 8 |  8.0
Necromancy     | 5 6 7 9 10 | 10.5
Fighting       | 4 |  4.6
Stealth        | 4 |  4.4
Dodging        | |  2.1

Action                   |  1- 3 |  4- 6 |  7- 9 || total
-------------------------+-------+-------+-------++-------
Melee: Spear             |     4 |       |       ||     4
       Mace              |    28 |    90 |   339 ||   457
       Unarmed           |     2 |       |       ||     2
       Dagger            |       |    15 |       ||    15
 Cast: Pain              |    53 |    59 |    69 ||   181
       Vampiric Draining |     2 |    29 |   172 ||   203
       Control Undead    |       |       |     2 ||     2
Evoke: Wand              |       |     2 |     2 ||     4
 Stab: Distracted        |       |       |     1 ||     1
       Sleeping          |       |       |     1 ||     1
  Eat: Chunk             |     1 |     8 |    21 ||    30
Armor: Robe              |    10 |    62 |   183 ||   255
Dodge: Dodged            |    20 |   106 |   469 ||   595
Block: Other             |       |       |    34 ||    34
